 Dungeon Crawl Stone Soup version 0.31-a0-691-g409c26aa35 (webtiles) character file.

Game seed: 11686335756241838148

53 bobo the Vexing (level 3, -8/28 HPs)
             Began as a Barachi Hexslinger on Sept 6, 2023.
             Was a Believer of Qazlal.
             Killed by divine providence
             ... invoked by an orc priest
              (15 damage)
             ... on level 3 of the Dungeon.
             The game lasted 00:04:40 (1697 turns).

bobo the Vexing (Barachi Hexslinger)                Turns: 1697, Time: 00:04:41

Health: -8/28      AC:  5    Str:  9    XL:     3   Next: 89%
Magic:  4/4        EV: 12    Int: 13    God:    Qazlal [**....]
Gold:   180        SH:  0    Dex: 16    Spells: 3/4 levels left

rFire   . . .        a - +1 sling
rCold   . . .        (no shield)
rNeg    . . .        c - +0 robe
rPois   .            (no helmet)
rElec   .            k - +0 cloak
rCorr   .            (no gloves)
SInv    .            i - +1 pair of boots
Will    .....        (no amulet)
Stlth   +            (no ring)
HPRegen 0.24/turn    (no ring)
MPRegen 0.09/turn

%: no passive effects
@: confused, ambrosia-drunk, slow
A: amphibious, slowness 1, strong legs 1, +LOS
a: Hop, Renounce Religion, Upheaval


You were on level 3 of the Dungeon.
You worshipped Qazlal.
Qazlal was pleased with you.
You visited 1 branch of the dungeon, and saw 3 of its levels.

You collected 219 gold pieces.
You spent 39 gold pieces at shops.

Inventory:

Hand Weapons
 a - a +1 sling (weapon)
Armour
 c - a +0 robe (worn)
 i - a +1 pair of boots (worn)
 k - a +0 cloak (worn)
Jewellery
 m - a ring of flight
Scrolls
 b - a scroll of poison
 d - a scroll of revelation {unknown}
 g - 2 scrolls of immolation {unknown}
 h - a scroll of enchant armour {unknown}
 j - 3 scrolls of fear
 o - a scroll of teleportation {unknown}
 q - 2 scrolls of identify
Potions
 e - a potion of invisibility {unknown}
 f - a potion of heal wounds {unknown}
 l - a potion of ambrosia
 n - a potion of lignification {unknown}
 p - a potion of degeneration


   Skills:
 + Level 2.7 Fighting
 + Level 2.8 Ranged Weapons
 - Level 2.1 Dodging
 - Level 1.1 Spellcasting
 + Level 4.0 Hexes


You had 3 spell levels left.
You knew the following spells:

 Your Spells              Type           Power      Damage    Failure   Level
a - Slow                  Hex            44%        N/A       5%          1

Your spell library contained the following spells:

 Spells                   Type           Power      Damage    Failure   Level
 Tukima's Dance           Hex            11%        N/A       16%         3
 Inner Flame              Hex/Fire       5%         N/A       36%         3
 Portal Projectile        Hex/Tloc       10%        N/A       36%         3
 Cause Fear               Hex            5%         N/A       47%         4
 Iskenderun's Mystic Bla  Conj/Tloc      0%         2d3       95%         4


Dungeon Overview and Level Annotations

Branches:
Dungeon (3/15)

Altars:
Qazlal

Shops:
D:2 *

Annotations:
D:3 2 transporters


Innate Abilities, Weirdness & Mutations

You are amphibious.
You cover ground slowly.
You can hop short distances.
You have an extended range of vision and can be seen from far away.


Message History

The orc priest calls down the wrath of Beogh upon you.
Beogh smites you!
Casting: Slow (safe; 5% risk of failure)
Confirm with . or Enter, or press ? or * to list all spells.
Aiming: Slow (safe; 5% risk of failure)
Press: ? - help, Shift-Dir - straight line, f/p - orc priest
Aim: an orc priest, wielding a +0 hand axe and wearing a +0 ring mail (chance to affect: 45%)
The orc priest seems to slow down.
An orc comes into view. It is wielding a +0 mace.
You shoot a sling bullet. The sling bullet hits the orc priest!
The orc priest is heavily wounded.
The orc priest calls down the wrath of Beogh upon you.
Pain shoots through your body!
* * * LOW HITPOINT WARNING * * *
You are too injured to fight recklessly!
Fire: a) +1 sling
Press: ? - help, Q - select action, (/) - cycle Shift-Dir - straight line, f/p - orc priest
Aim: an orc priest, wielding a +0 hand axe and wearing a +0 ring mail (heavily wounded, slow, 64% to hit)
You shoot a sling bullet.
The sling bullet barely misses the orc priest.
You hear an angry hiss.
An adder comes into view.
An orc comes into view. It is wielding a +0 flail.
The adder moves out of view.
You are confused.
You feel invigorated.
A bat comes into view.
You clumsily bash the orc but do no damage.
The orc is engulfed in blazing flames.
You kill the orc!
Qazlal accepts your kill.
The orc priest invokes the aid of Beogh against you.
Beogh smites you!
* * * LOW HITPOINT WARNING * * *
The orc hits you but does no damage.
You bump into the rock wall.
The orc closely misses you.
The orc priest mumbles some strange prayers to Beogh against you.
Beogh smites you!
Ouch! That really hurt!
You die...

..#.##...... ..
###.
..#......######.
#.... #
............ .#.
#...##
..####...... ...
#...†) ###
##..### .b
###.## ..# #o #
.. # .# ##.##.#
# ##
.#####..o#.# ##.
.......#@°.#
##.. #...###
#######...
##.#####
#.........
#.....##
#.#####...
#......###.#
##..
#.......##.# ##.
#..........# ##
#....(..#### #
##>....##
########


You could see an orc priest (slow), an orc and a bat.

Vanquished Creatures
  An adder (D:2)
  2 worms (D:2)
  2 orcs (D:3)
  An endoplasm (D:2)
  2 giant cockroaches
  4 goblins
  6 hobgoblins
  7 ball pythons
  5 bats
  2 frilled lizards (D:1)
  A kobold (D:1)
  3 rats
36 creatures vanquished.

Notes
Turn   | Place    | Note
-------+----------+-------------------------------------------
     0 | D:1      | bobo the Barachi Hexslinger began the quest for the Orb.
     0 | D:1      | Reached XP level 1. HP: 15/15 MP: 2/2
   206 | D:1      | Found a faded altar of an unknown god.
   211 | D:1      | Prayed at the altar of an unknown god.
   211 | D:1      | Became a worshipper of Qazlal Stormbringer
   211 | D:1      | Reached * piety under Qazlal
   386 | D:1      | Reached XP level 2. HP: 22/22 MP: 3/3
   886 | D:2      | Reached XP level 3. HP: 13/27 MP: 4/4
  1040 | D:2      | Reached ** piety under Qazlal
  1087 | D:2      | Found Mops's General Store.
  1097 | D:2      | Bought a potion of degeneration for 13 gold pieces
  1097 | D:2      | Bought a scroll of identify for 26 gold pieces
  1455 | D:3      | Found a transporter.
  1474 | D:3      | Found a transporter.
  1639 | D:3      | Reached skill level 4 in Hexes
  1697 | D:3      | Killed from afar by an orc priest

Illustrated notes

Levels and vault maps discovered:
D:1:      spicycebolla_green_bress_n_ham_2, layout_loops_ring,
          hellmonk_ecumenical_altar_lost_god
D:2:      layout_rooms, serial_shops, shop, minmay_misc_feat_secret_circle,
          corexii_hall_statues_x
D:3:      layout_loops_ring, gammafunk_ghost_stat_death

Skill      XL: |  1  2  3 |
---------------+----------+-----
Fighting       | 2 |  2.7
Hexes          | 4 |  4.0
Ranged Weapons | |  2.8
Dodging        | |  2.1
Spellcasting   | |  1.1

Action                     || total
---------------------------++-------
  Melee: Sling             ||     1
   Fire: Sling             ||   128
   Cast: Slow              ||    11
    Use: Scroll            ||     2
         Potion            ||     1
 Armour: Robe              ||    19
  Dodge: Dodged            ||    22
  Block: Other             ||     4

Table legend: (Time is in decaauts)
 A = Elapsed time spent in this place.
 B = Non-inter-level travel time spent in this place.
 C = Inter-level travel time spent in this place.
 D = Time resting spent in this place.
 E = Time spent auto-exploring this place.
 F = Levels seen in this place.
 G = Mean time per level.
                   A        B        C        D        E       F      G
               +--------+--------+--------+--------+--------+-----+--------+
         Total |   1997 |   1934 |     63 |      0 |   1599 |   3 |  665.7 |
       Dungeon |   1997 |   1934 |     63 |      0 |   1599 |   3 |  665.7 |
               +--------+--------+--------+--------+--------+-----+--------+

Top non-repeatable levels by time:
     D:1: 858 daAuts
     D:2: 839 daAuts
     D:3: 299 daAuts
